 Dungeon Crawl Stone Soup version 0.29.1-1-gd02db6906a (webtiles) character file.

Game seed: 15348181113621204598

46 sanboga the Gusty (level 3, -3/19 HPs)
             Began as a Tengu Air Elementalist on Oct 18, 2022.
             Slain by a goblin
             ... wielding a +0 spear
              (4 damage)
             ... on level 2 of the Dungeon.
             The game lasted 00:02:48 (2161 turns).

sanboga the Gusty (Tengu Air Elementalist)          Turns: 2161, Time: 00:02:49

Health: -3/19      AC:  2    Str:  8    XL:     3   Next: 68%
Magic:  7/7        EV: 12    Int: 17    God:
Gold:   67         SH:  0    Dex: 14    Spells: 3/6 levels left

rFire   . . .      SeeInvis .   f - +0 dagger (freeze)
rCold   . . .      Faith    .   (no shield)
rNeg    . . .      Spirit   .   a - +0 robe
rPois   .          Reflect  .   (helmet restricted)
rElec   .          Harm     .   (no cloak)
rCorr   .          Rampage  .   (no gloves)
Will    .....                   (boots unavailable)
Stlth   ++........              (no amulet)
HPRegen 0.06/turn               (no ring)
MPRegen 0.10/turn               (no ring)

@: brilliant, hasted, very quick
A: beak, talons 3
a: no special abilities


You were on level 2 of the Dungeon.
You visited 1 branch of the dungeon, and saw 2 of its levels.

You collected 67 gold pieces.

Inventory:

Hand Weapons
 f - a +0 dagger of freezing (weapon)
Armour
 a - a +0 robe (worn)
Scrolls
 d - 2 scrolls of identify {unknown}
 g - a scroll of immolation {unknown}
 h - 2 scrolls of fear {unknown}
 l - a scroll of vulnerability {unknown}
Potions
 b - a potion of magic
 c - a potion of curing {unknown}
 i - a potion of ambrosia {unknown}
 j - a potion of haste
 k - a potion of mutation {unknown}


   Skills:
 + Level 2.7 Dodging
 - Level 2.3 Stealth
 + Level 2.3 Spellcasting
 + Level 2.3 Conjurations
 * Level 4.6 Air Magic


You had 3 spell levels left.
You knew the following spells:

 Your Spells              Type           Power      Damage    Failure   Level
a - Shock                 Conj/Air       80%        1d8       4%          1
b - Static Discharge      Conj/Air       20%        3-6/arc   7%          2

Your spell library contained the following spells:

 Spells                   Type           Power      Damage    Failure   Level
 Swiftness                Air            26%        N/A       9%          3
 Airstrike                Air            13%        2d(2-18)  28%         4


Dungeon Overview and Level Annotations

Branches:
Dungeon (2/15)

Altars:

Shops:
D:1 (


Innate Abilities, Weirdness & Mutations

You have a beak for a mouth.
You have claws for feet.


Message History

You are no longer poisoned.
You start resting.
Magic restored.
You start resting.
HP restored.
Memorise Static Discharge, consuming 2 spell levels and leaving 3?
You start memorising the spell.
You continue memorising. x2
You finish memorising.
Spell assigned to 'b'.
A goblin comes into view. It is wielding a +0 spear.
A goblin is nearby!
No target in view!
No target in view!
An orc comes into view. It is wielding a +0 club.
An orc comes into view.
It is wielding a +0 sling. 3 orcs and a goblin come into view.
There is an open door here.
The orc shouts! x2; The adder hisses angrily.
The orc shouts! x2
The goblin hits you from afar with a +0 spear.
The orc unwields a +0 sling.
The orc wields a +0 short sword.
The orc hits you with a +0 short sword.
You barely miss the orc.
The orc shouts!
You claw the orc, but do no damage. You peck the orc.
The orc is lightly wounded.
The goblin drinks a potion.
The goblin flickers and vanishes!
Deactivating autopickup; reactivate with Ctrl-A.
You hit the orc but do no damage.
The orc is lightly wounded.
The orc closely misses you. Something hits you.
The goblin hits you with a +0 club.
* * * LOW HITPOINT WARNING * * *
It was a potion of brilliance.
You feel clever all of a sudden. The orc barely misses you.
The goblin closely misses you. Something hits you but does no damage.
It was a potion of haste.
You feel yourself speed up. The adder bites you but does no damage.
The orc hits you with a +0 short sword.
* * * LOW HITPOINT WARNING * * *
The adder closely misses you. Something hits you.
You die...

#....# ############....#
#..........'....# .
#.##########....# .. #.#
#.#### ... #.######
#.#####.... #>.....#
#.#........
#..###.#####.#.g{.....
##...........'@ooo....
#########.####.#So......
...# #...##.#.o......
...########..#.#........
...+...........#........
...##......###.......###
...........# ###.....#
.###.......# #.....#
.....####### .


You could see an adder, 5 orcs and a goblin.

Vanquished Creatures
  An adder (D:2)
  A worm (D:2)
  A ball python (D:1)
  4 endoplasms
  A giant cockroach (D:2)
  8 goblins
  4 quokkas
  5 bats
  A frilled lizard (D:2)
  A kobold (D:2)
  3 rats
30 creatures vanquished.

Notes
Turn   | Place    | Note
-------+----------+-------------------------------------------
     0 | D:1      | sanboga the Tengu Air Elementalist began the quest for the
                  | Orb.
     0 | D:1      | Reached XP level 1. HP: 10/10 MP: 4/4
    84 | D:1      | Found a faded altar of an unknown god.
   126 | D:1      | Found Geloetz's Antique Weapon Shop.
   691 | D:1      | Reached XP level 2. HP: 14/15 MP: 6/6
  1414 | D:2      | Reached XP level 3. HP: 5/19 MP: 4/7
  2151 | D:2      | Learned a level 2 spell: Static Discharge
  2161 | D:2      | Slain by a goblin

Illustrated notes

Levels and vault maps discovered:
D:1:      moated_graveyard_arrival, layout_loops_ring, serial_shops,
          nicolae_shop_statue_plus, shapermc_ecumenical_altar_venn
D:2:      layout_basic, dreamdust_wishing_well

Skill      XL: |  1  2 |
---------------+-------+-----
Conjurations   | 2 |  2.3
Dodging        | |  2.7
Stealth        | |  2.3
Spellcasting   | |  2.3
Air Magic      | |  4.6

Action                   || total
-------------------------++-------
Melee: Unarmed           ||    12
       Kick              ||    18
       Dagger            ||    45
       Peck              ||    13
 Cast: Shock             ||    16
  Use: Potion            ||     2
 Stab: Sleeping          ||     3
Armor: Robe              ||    14
Dodge: Dodged            ||    46
